[Event "Titled Tuesday Blitz May 24 Late 2022"]
[White "Burke, Paul"]
[Black "Melikhov, Evgeny V."]
[WhiteFideId "2605767"]
[BlackFideId "4122046"]
[WhiteElo "1859"]
[BlackElo "1931"]
[Result "1/2-1/2"]
[Round "07"]
[TimeControl "180+1"]
[Date "2022.05.25"]
[WhiteClock "0:00:18"]
[BlackClock "0:00:25"]

1. e4 c5 2. d4 cxd4 3. c3 d3 4. Bxd3 Nc6 5. Nf3 d6 6. Bc4 e6 7. Qe2 Nf6 8. O-O Be7 9. Rd1 Qc7 10. Na3 a6 11. Nc2 O-O 12. a3 Ne5 13. Nxe5 dxe5 14. Bd3 b5 15. Ne3 Bb7 16. Ng4 Rfd8 17. Nxf6+ Bxf6 18. Be3 Rd7 19. f3 Rad8 20. Bc2 Be7 21. Qf2 Qc4 22. Rxd7 Rxd7 23. Qf1 Qxf1+ 24. Kxf1 h6 25. Ke2 Bg5 26. Bxg5 hxg5 27. Rd1 Rxd1 28. Kxd1 Kf8 29. Ke2 Ke7 30. Ke3 Kd6 31. g3 Kc5 32. Bd3 a5 33. h3 b4 34. cxb4+ axb4 35. a4 Kb6 36. Bb5 Ka5 37. b3 Kb6 38. Kd3 Kc5 39. Ke3 Bc8 40. Kd3 f5 41. h4 gxh4 42. gxh4 Bb7 43. Bd7 Ba6+ 44. Ke3 f4+ 45. Kf2 Kd4 46. Bxe6 Kc3 47. h5 Bd3 48. Bf7 Ba6 49. Be6 Bd3 50. Bf7 Ba6 51. Be6 1/2-1/2


[Site "https://www.chess.com"]

[Event "Titled Tuesday Blitz May 24 Late 2022"]
[White "Carrasco Miranda, Andres"]
[Black "Estrada Nieto, Julian"]
[WhiteFideId "3405990"]
[BlackFideId "5101018"]
[WhiteElo "2177"]
[BlackElo "2252"]
[Result "0-1"]
[Round "07"]
[TimeControl "180+1"]
[Date "2022.05.25"]
[WhiteClock "0:00:15"]
[BlackClock "0:00:41"]

1. d4 Nf6 2. c4 e6 3. g3 c5 4. Nf3 cxd4 5. Nxd4 d5 6. cxd5 Qxd5 7. Nf3 Qxd1+ 8. Kxd1 Nc6 9. Bg2 Bc5 10. e3 Bd7 11. Nc3 O-O-O 12. a3 Bb6 13. Kc2 e5 14. b4 Bf5+ 15. Kb2 Ng4 16. Nh4 Be6 17. Ne4 h6 18. h3 Nf6 19. Nxf6 gxf6 20. Be4 Ne7 21. a4 f5 22. Bc2 e4 23. a5 Bc7 24. Rd1 Be5+ 25. Kb1 Rxd1 26. Bxd1 Bxa1 27. Kxa1 Rd8 28. Be2 Nd5 29. Bd2 a6 30. Kb2 f4 31. gxf4 Nxf4 0-1


[Site "https://www.chess.com"]

[Event "Titled Tuesday Blitz May 24 Late 2022"]
[White "Clawitter, Craig"]
[Black "Rios Escobar, Adan"]
[WhiteFideId "2023105"]
[BlackFideId "3403645"]
[WhiteElo "2213"]
[BlackElo "2386"]
[Result "0-1"]
[Round "07"]
[TimeControl "180+1"]
[Date "2022.05.25"]
[WhiteClock "0:00:03"]
[BlackClock "0:00:05"]

1. e4 c5 2. Nf3 d6 3. d4 cxd4 4. Nxd4 Nf6 5. Nc3 a6 6. Be3 e5 7. Nb3 Be7 8. f3 Be6 9. Qd2 h5 10. Nd5 Nxd5 11. exd5 Bf5 12. Be2 Nd7 13. O-O Rc8 14. Rac1 O-O 15. c4 b6 16. Kh1 a5 17. Na1 h4 18. h3 Re8 19. Nc2 Bf6 20. b3 Nc5 21. Rcd1 Rc7 22. Bf2 Bg5 23. Be3 Bf6 24. Bf2 Rce7 25. Ne3 Bd7 26. Qe1 Bg5 27. Ng4 f5 28. Ne3 Rf7 29. Nc2 Bc8 30. Qc3 Bf6 31. Qe1 g5 32. Rb1 Rg7 33. a3 e4 34. Qd1 exf3 35. Bxf3 g4 36. hxg4 fxg4 37. Be2 h3 38. gxh3 gxh3 39. Rg1 Bf5 40. Nd4 Be4+ 41. Bf3 Bxb1 42. Qxb1 Re7 43. Nc6 Qf8 44. Nxe7+ Qxe7 45. Bxc5 dxc5 46. d6 Qxd6 47. Bd5+ Kf8 48. Qf1 Rxg1+ 49. Qxg1 Bg7 50. Qg4 Qe5 51. Qc8+ Ke7 52. Qb7+ Kf6 53. Qf7+ Kg5 54. Qf2 Qa1+ 55. Kh2 Be5+ 56. Kxh3 Qc3+ 57. Kg2 Qxb3 0-1


[Site "https://www.chess.com"]

[Event "Titled Tuesday Blitz May 24 Late 2022"]
[White "Colivet Gamboa, Julio Cesar"]
[Black "Miszler, Levente"]
[WhiteFideId "3949583"]
[BlackFideId "763276"]
[WhiteElo "1743"]
[BlackElo "1966"]
[Result "1-0"]
[Round "07"]
[TimeControl "180+1"]
[Date "2022.05.25"]
[WhiteClock "0:00:51"]
[BlackClock "0:00:05"]

1. c4 e5 2. Nc3 Nc6 3. g3 g6 4. Bg2 Bg7 5. e4 Nd4 6. Nge2 Ne7 7. O-O Nec6 8. d3 O-O 9. f4 d6 10. h3 f5 11. Be3 Bd7 12. Qd2 a5 13. Kh2 Qe7 14. Nd5 Qd8 15. Nec3 Ne7 16. Nxe7+ Qxe7 17. exf5 Nxf5 18. Bxb7 Rab8 19. Bg2 Nxe3 20. Qxe3 Rxb2 21. Rab1 Rfb8 22. Rxb2 Rxb2 23. Kh1 Qe8 24. fxe5 Bxe5 25. Bd5+ Kg7 26. Rf7+ Qxf7 27. Bxf7 Kxf7 28. d4 Bc6+ 29. Nd5 Bf6 30. Qf3 Bxd5 31. Qxd5+ Kg7 32. c5 dxc5 33. dxc5 Rb1+ 34. Kg2 Rb2+ 35. Kf3 Kf8 36. c6 Rc2 37. Qe6 Rc3+ 38. Ke2 Rc2+ 39. Kd3 Rc3+ 40. Kd2 Rc5 41. Qxf6+ Ke8 42. Qe6+ Kf8 43. Qc8+ Kf7 44. Qxc7+ Ke6 45. Qd7+ 1-0


[Site "https://www.chess.com"]

[Event "Titled Tuesday Blitz May 24 Late 2022"]
[White "D`Arruda, Ricardo D."]
[Black "Barria Zuniga, Daniel"]
[WhiteFideId "100692"]
[BlackFideId "3400816"]
[WhiteElo "2494"]
[BlackElo "2414"]
[Result "1-0"]
[Round "07"]
[TimeControl "180+1"]
[Date "2022.05.25"]
[WhiteClock "0:01:10"]
[BlackClock "0:00:35"]

1. d4 f5 2. c3 Nf6 3. Nd2 g6 4. Ngf3 Bg7 5. g3 O-O 6. Bg2 d6 7. O-O Nc6 8. d5 Nxd5 9. Qb3 e6 10. e4 Nb6 11. exf5 gxf5 12. a4 a5 13. Re1 Kh8 14. Nc4 Nd5 15. Bg5 Qd7 16. Rad1 h6 17. Bc1 Nce7 18. Nd4 e5 19. Nb5 e4 20. f3 c6 21. Nbxd6 b5 22. axb5 a4 23. Qa2 cxb5 24. Nxc8 Raxc8 25. Ne3 Qa7 26. Rxd5 Nxd5 27. Qxd5 a3 28. bxa3 Rxc3 29. Bd2 Rd3 30. Qa2 Bd4 31. Qe6 Bxe3+ 32. Bxe3 Rxe3 33. Qxh6+ Kg8 34. Qxe3 1-0


[Site "https://www.chess.com"]

[Event "Titled Tuesday Blitz May 24 Late 2022"]
[White "Domingo Nunez, Ruben"]
[Black "Roux, Baptiste"]
[WhiteFideId "22245570"]
[BlackFideId "36017450"]
[WhiteElo "2376"]
[BlackElo "1935"]
[Result "1-0"]
[Round "07"]
[TimeControl "180+1"]
[Date "2022.05.25"]
[WhiteClock "0:00:13"]
[BlackClock "0:00:04"]

1. c4 e5 2. Nc3 Nc6 3. g3 g6 4. Bg2 Bg7 5. d3 d6 6. Rb1 a5 7. a3 Nf6 8. Bg5 h6 9. Bd2 O-O 10. b4 axb4 11. axb4 Be6 12. b5 Na5 13. e4 Kh7 14. Nge2 c6 15. O-O d5 16. exd5 cxd5 17. c5 e4 18. Nd4 Nd7 19. Nxe6 fxe6 20. dxe4 d4 21. Na4 Nc4 22. Bb4 Nde5 23. Qb3 d3 24. Bc3 Qc7 25. c6 bxc6 26. b6 Qe7 27. Bb4 Qf7 28. Bxf8 Nd2 29. Qb4 Nxb1 30. Bxg7 Kxg7 31. Rxb1 Rf8 32. Qd4 c5 33. Qxe5+ Kh7 34. f4 Qb7 35. Qc7+ Qxc7 36. bxc7 Rc8 37. Nxc5 Rxc7 38. Nxd3 Rc3 39. Rb7+ Kg8 40. Ne5 Re3 41. Nxg6 Rc3 42. Kf2 Rc2+ 43. Kf3 h5 44. Bh3 Rc3+ 45. Ke2 Rc2+ 46. Kd3 Rc6 47. Ne7+ 1-0


[Site "https://www.chess.com"]

[Event "Titled Tuesday Blitz May 24 Late 2022"]
[White "Drygalov, Sergey"]
[Black "Gong, Patrick"]
[WhiteFideId "24171743"]
[BlackFideId "3222500"]
[WhiteElo "2514"]
[BlackElo "2103"]
[Result "1-0"]
[Round "07"]
[TimeControl "180+1"]
[Date "2022.05.24"]
[WhiteClock "0:00:28"]
[BlackClock "0:00:01"]

1. d4 Nf6 2. c4 c5 3. d5 d6 4. Nc3 g6 5. e4 Bg7 6. h3 O-O 7. Nf3 a6 8. Bd3 b5 9. cxb5 axb5 10. Nxb5 Na6 11. Bd2 Qb6 12. a4 Bd7 13. O-O Rfb8 14. Qe2 Nc7 15. a5 Qb7 16. Nxc7 Qxc7 17. Bc3 Nh5 18. Bxg7 Kxg7 19. Qd2 Rb4 20. Qc3+ Kg8 21. a6 Qb6 22. Nd2 Nf4 23. Nc4 Qb8 24. Rfd1 Nxd3 25. Rxd3 Bb5 26. b3 Rxa6 27. Rxa6 Bxa6 28. Re3 f6 29. Nd2 Qb5 30. Qa1 Rd4 31. Nc4 Qb7 32. Na5 Qb5 33. Nc6 Rd3 34. Rxd3 Qxd3 35. Nxe7+ Kf7 36. Nc6 g5 37. Kh2 Qxe4 38. Qxa6 Qf4+ 39. Kg1 Qc1+ 40. Qf1 Qd2 41. Qc4 Qe1+ 42. Kh2 Qxf2 43. Qe4 Kg7 44. Nd8 h5 45. Ne6+ Kh6 46. Nf8 Kg7 47. Qe7+ Kg8 48. Ne6 1-0


[Site "https://www.chess.com"]

[Event "Titled Tuesday Blitz May 24 Late 2022"]
[White "Francisco Guecamburu, Candela Be"]
[Black "De Souza, Regis Gabetta"]
[WhiteFideId "160911"]
[BlackFideId "22756930"]
[WhiteElo "1847"]
[BlackElo "1926"]
[Result "1-0"]
[Round "07"]
[TimeControl "180+1"]
[Date "2022.05.25"]
[WhiteClock "0:00:46"]
[BlackClock "0:00:11"]

1. e4 e5 2. Nf3 Nc6 3. Bb5 a6 4. Ba4 g6 5. O-O Bg7 6. Re1 Nge7 7. d3 O-O 8. Bg5 h6 9. Bh4 g5 10. Bg3 d6 11. c3 b5 12. Bc2 f5 13. exf5 Nxf5 14. Nbd2 Nce7 15. d4 exd4 16. cxd4 Nxd4 17. Nxd4 Bxd4 18. Qh5 Bg7 19. Nf3 Bf5 20. Bb3+ d5 21. Be5 c6 22. Nd4 Bg6 23. Qh3 Rf7 24. Ne6 Qd7 25. Bxg7 Nf5 26. Bc3 Re8 27. Nc5 Qd6 28. Rxe8+ 1-0


[Site "https://www.chess.com"]

[Event "Titled Tuesday Blitz May 24 Late 2022"]
[White "Gatterer, Florian"]
[Black "Jarocka, Liwia"]
[WhiteFideId "811688"]
[BlackFideId "21807558"]
[WhiteElo "2218"]
[BlackElo "1887"]
[Result "1-0"]
[Round "07"]
[TimeControl "180+1"]
[Date "2022.05.25"]
[WhiteClock "0:00:51"]
[BlackClock "0:00:54"]

1. f4 c5 2. Nf3 d5 3. g3 Nc6 4. Bg2 g6 5. O-O Bg7 6. d3 Nf6 7. Ne5 O-O 8. Nxc6 bxc6 9. e4 Ne8 10. c4 Nc7 11. Nc3 dxc4 12. dxc4 Bxc3 13. bxc3 Ba6 14. Qa4 Qd3 15. Qa5 Rac8 16. Ba3 Qxc4 17. Bxc5 Rfd8 18. Rfd1 e6 19. Bxa7 Rxd1+ 20. Rxd1 Bb5 21. Bf2 Ne8 22. h3 Nf6 23. Rd8+ Kg7 24. Rxc8 Nxe4 25. Bd4+ Kh6 26. Qd8 Nxg3 1-0


[Site "https://www.chess.com"]

[Event "Titled Tuesday Blitz May 24 Late 2022"]
[White "Golubev, Mikhail"]
[Black "Kohler, Aran"]
[WhiteFideId "14100983"]
[BlackFideId "1002856"]
[WhiteElo "2374"]
[BlackElo "2262"]
[Result "1-0"]
[Round "07"]
[TimeControl "180+1"]
[Date "2022.05.25"]
[WhiteClock "0:01:43"]
[BlackClock "0:01:35"]

1. e4 e5 2. Nf3 Nc6 3. Bb5 Nf6 4. O-O Nxe4 5. Re1 Nd6 6. Bf1 Be7 7. Nc3 O-O 8. d4 exd4 9. Nd5 Bf6 10. Bf4 Nf5 11. Bxc7 d3 12. Bxd8 Bxb2 13. Bxd3 Bxa1 14. Bxf5 Nxd8 15. Qxa1 Ne6 16. Ne7+ Kh8 17. Qe5 f6 18. Qd6 Rf7 19. Bxe6 Rxe7 20. Qxe7 dxe6 21. Qe8# 1-0


[Site "https://www.chess.com"]

[Event "Titled Tuesday Blitz May 24 Late 2022"]
[White "Griffith, Kyron"]
[Black "Keymer, Vincent"]
[WhiteFideId "2046318"]
[BlackFideId "12940690"]
[WhiteElo "2232"]
[BlackElo "2548"]
[Result "1-0"]
[Round "07"]
[TimeControl "180+1"]
[Date "2022.05.24"]
[WhiteClock "0:00:05"]
[BlackClock "0:00:07"]

1. e4 c6 2. d4 d5 3. Nc3 dxe4 4. Nxe4 Nf6 5. Nxf6+ exf6 6. c3 Bd6 7. Bd3 O-O 8. Qc2 Re8+ 9. Ne2 h5 10. O-O h4 11. h3 Nd7 12. Bd2 Nf8 13. Rae1 Bd7 14. f4 g6 15. f5 g5 16. Qd1 Nh7 17. b3 Rc8 18. c4 c5 19. d5 Bb8 20. a4 Qc7 21. Nf4 gxf4 22. Rxe8+ Rxe8 23. Bxf4 Qxf4 24. Rxf4 Bxf4 25. Qg4+ Bg5 26. Be4 Kh8 27. d6 b6 28. Bd5 Re1+ 29. Kf2 Re5 30. Qh5 Rxf5+ 31. Ke2 Re5+ 32. Kd1 Rxd5+ 33. cxd5 Kg7 34. Qe2 Nf8 35. Qa6 Ng6 36. Qxa7 Ne5 37. Qxb6 c4 38. bxc4 Bxa4+ 39. Ke2 Nxc4 40. Qb4 Nxd6 41. Qxd6 Bb5+ 42. Kf2 Bd3 43. Qd8 Bf4 44. d6 Bg3+ 45. Ke3 Bb5 46. d7 Be5 47. Qc8 Bxd7 48. Qxd7 Bg3 49. Kf3 Kg6 50. Kg4 f5+ 51. Qxf5+ Kg7 52. Kh5 Kf8 53. Qd7 Kg7 54. Kg4 Bf2 55. Kf5 Bg3 56. Qc6 Bf2 57. Qe4 Bg3 58. Qg4+ Kf8 59. Kf6 Bf2 60. Qc8# 1-0


[Site "https://www.chess.com"]

[Event "Titled Tuesday Blitz May 24 Late 2022"]
[White "Grischuk, Alexander"]
[Black "Dubov, Daniil"]
[WhiteFideId "4126025"]
[BlackFideId "24126055"]
[WhiteElo "2762"]
[BlackElo "2791"]
[Result "1/2-1/2"]
[Round "07"]
[TimeControl "180+1"]
[Date "2022.05.24"]
[WhiteClock "0:00:05"]
[BlackClock "0:00:05"]

1. d4 Nf6 2. c4 e6 3. Nc3 d5 4. cxd5 exd5 5. Bg5 c6 6. Qc2 h6 7. Bh4 Be7 8. e3 O-O 9. Bd3 Re8 10. Nge2 Nbd7 11. O-O Nh5 12. Bxe7 Qxe7 13. Rae1 Nb6 14. Nc1 g6 15. Nb3 Ng7 16. f3 Be6 17. Nc5 Rad8 18. Qf2 Bc8 19. e4 dxe4 20. fxe4 Ne6 21. Nxe6 Bxe6 22. e5 Qd7 23. Ne4 Qxd4 24. Nf6+ Kf8 25. Nxe8 Kxe8 26. Bb1 Nc4 27. Qxd4 Rxd4 28. Rf2 a5 29. h3 a4 30. a3 Ke7 31. Kh2 b5 32. Re4 Rxe4 33. Bxe4 Nxe5 34. g4 Kd6 35. Kg3 g5 36. Rc2 Nc4 37. Kf2 c5 38. Bd3 Ke5 39. Bxc4 Bxc4 40. Ke3 f5 41. gxf5 Kxf5 42. Rf2+ Ke5 43. Rf8 Be6 44. Rh8 Bxh3 45. Rxh6 Be6 46. Rg6 g4 47. Rg7 Kd5 48. Rg6 Bf5 49. Rg5 Ke5 50. Rg7 Kd5 51. Rg5 Ke5 52. Rg7 Kd5 53. Rg5 1/2-1/2


[Site "https://www.chess.com"]

[Event "Titled Tuesday Blitz May 24 Late 2022"]
[White "Gross, Nicholas"]
[Black "Sailer, Mike"]
[WhiteFideId "30921961"]
[BlackFideId "2012901"]
[WhiteElo "1958"]
[BlackElo "2109"]
[Result "1-0"]
[Round "07"]
[TimeControl "180+1"]
[Date "2022.05.25"]
[WhiteClock "0:00:33"]
[BlackClock "0:00:20"]

1. c4 c6 2. g3 d5 3. Nf3 Nf6 4. Bg2 e6 5. O-O Be7 6. b3 O-O 7. Bb2 Nbd7 8. d3 b6 9. e4 dxe4 10. dxe4 Bb7 11. e5 Ne8 12. Qe2 Qc7 13. Nc3 g6 14. h4 Ng7 15. Ne4 c5 16. Nf6+ Bxf6 17. exf6 Nf5 18. g4 Nd4 19. Nxd4 cxd4 20. Bxd4 Bxg2 21. Kxg2 e5 22. Bb2 Nxf6 23. Qf3 Nd7 24. Rad1 f6 25. Qd5+ Kg7 26. Qxd7+ 1-0


[Site "https://www.chess.com"]

[Event "Titled Tuesday Blitz May 24 Late 2022"]
[White "Gurevich, Dmitry"]
[Black "Krallis, Christos"]
[WhiteFideId "2000407"]
[BlackFideId "4298896"]
[WhiteElo "2506"]
[BlackElo "2234"]
[Result "1-0"]
[Round "07"]
[TimeControl "180+1"]
[Date "2022.05.25"]
[WhiteClock "0:00:17"]
[BlackClock "0:00:09"]

1. d4 Nf6 2. c4 e6 3. g3 d5 4. Bg2 Bb4+ 5. Nd2 O-O 6. Nf3 b6 7. O-O Bb7 8. cxd5 exd5 9. Ne5 Nbd7 10. a3 Bxd2 11. Bxd2 Ne4 12. Bf4 Nxe5 13. Bxe5 Qe7 14. Bf4 c5 15. dxc5 Nxc5 16. b4 Ne6 17. Be5 d4 18. Bxb7 Qxb7 19. Bxd4 Rfd8 20. e3 Nxd4 21. exd4 Qd5 22. Re1 Rd7 23. Qe2 h5 24. Rad1 h4 25. Qg4 hxg3 26. hxg3 Rad8 27. Qe4 Qb3 28. Rd3 Qc4 29. Red1 a5 30. bxa5 bxa5 31. Kg2 a4 32. Rh1 Qd5 33. Qxd5 Rxd5 34. Rh4 g5 35. Re4 Kg7 36. g4 f5 37. gxf5 Kf6 38. Rf3 Rxd4 39. Re6+ Kf7 40. Ra6 Rg4+ 41. Rg3 Rxg3+ 42. fxg3 g4 43. Rxa4 Kf6 44. Rxg4 Rd2+ 45. Kh3 Kxf5 46. Rf4+ Kg5 47. Ra4 Ra2 48. Ra8 Kf5 49. Ra5+ Kf6 50. Kg4 Ra1 51. Ra6+ Ke5 52. Kg5 Rg1 53. g4 Ke4 54. Ra4+ Kf3 55. Kf5 Rb1 56. Rb4 Rc1 57. Rb3+ Ke2 58. g5 Rc5+ 59. Kg6 Rc6+ 60. Kh5 Kd2 61. g6 Kc2 62. Rg3 1-0


[Site "https://www.chess.com"]

[Event "Titled Tuesday Blitz May 24 Late 2022"]
[White "Haas, Michael"]
[Black "Malka, Samuel"]
[WhiteFideId "1629514"]
[BlackFideId "20643675"]
[WhiteElo "1982"]
[BlackElo "2478"]
[Result "0-1"]
[Round "07"]
[TimeControl "180+1"]
[Date "2022.05.25"]
[WhiteClock "0:00:01"]
[BlackClock "0:00:31"]

1. d4 Nf6 2. c4 e6 3. g3 c5 4. d5 exd5 5. cxd5 d6 6. Nc3 g6 7. Bg2 Bg7 8. Nf3 O-O 9. O-O Re8 10. Bf4 Bf5 11. Nd2 Nh5 12. e4 Nxf4 13. gxf4 Bc8 14. Re1 Qh4 15. e5 Bf5 16. exd6 Nd7 17. Qf3 a6 18. a4 Qf6 19. Nc4 Qd4 20. Ne3 Qb4 21. Nxf5 gxf5 22. Qg3 Kh8 23. Kh1 Qxb2 24. Rac1 Rxe1+ 25. Rxe1 Qxc3 26. Rg1 Rg8 27. Bf3 Qf6 28. Qh3 Bh6 29. Re1 Bxf4 30. Bg2 Bxd6 31. Re3 Ne5 32. Bf1 Ng4 33. Rg3 Nxf2+ 0-1


[Site "https://www.chess.com"]

[Event "Titled Tuesday Blitz May 24 Late 2022"]
[White "Halak, Miklos"]
[Black "Huber, Benedikt"]
[WhiteFideId "726400"]
[BlackFideId "12923583"]
[WhiteElo "2197"]
[BlackElo "1979"]
[Result "1-0"]
[Round "07"]
[TimeControl "180+1"]
[Date "2022.05.25"]
[WhiteClock "0:00:03"]
[BlackClock "0:00:02"]

1. e4 c5 2. Nf3 e6 3. c3 Nf6 4. e5 Nd5 5. d4 cxd4 6. cxd4 d6 7. Nc3 Nxc3 8. bxc3 Nc6 9. Bd3 dxe5 10. dxe5 Qa5 11. O-O Qxc3 12. Bf4 Be7 13. Rc1 Qb4 14. Bd2 Qa3 15. Rc3 Qxa2 16. Bb1 Qd5 17. Rd3 Qb5 18. Rb3 Qc4 19. Rc3 Qg4 20. h3 Qh5 21. Kh2 Nxe5 22. Nxe5 Qxe5+ 23. f4 Qf6 24. Rg3 Qd4 25. Rd3 Qb6 26. Rg3 Bf6 27. f5 O-O 28. Bh6 Kh8 29. Bxg7+ Bxg7 30. f6 Bh6 31. Qh5 Rg8 32. Qxh6 1-0


[Site "https://www.chess.com"]

[Event "Titled Tuesday Blitz May 24 Late 2022"]
[White "Hamitevici, Vladimir"]
[Black "Yanayt, Eugene"]
[WhiteFideId "13902393"]
[BlackFideId "2020165"]
[WhiteElo "2359"]
[BlackElo "2046"]
[Result "1-0"]
[Round "07"]
[TimeControl "180+1"]
[Date "2022.05.25"]
[WhiteClock "0:00:10"]
[BlackClock "0:00:03"]

1. e4 c5 2. Nf3 d6 3. d4 cxd4 4. Qxd4 Nc6 5. Qe3 Bd7 6. c4 g6 7. Be2 Bg7 8. O-O Nf6 9. h3 O-O 10. Nc3 Rc8 11. Rb1 a5 12. Rd1 Qc7 13. Bd2 Rfe8 14. Nb5 Qb8 15. Bc3 Be6 16. e5 dxe5 17. Nxe5 b6 18. Bf3 Nb4 19. a3 Bxc4 20. Nxc4 Rxc4 21. Be5 Nc2 22. Qe2 Qc8 23. Bc3 Rc5 24. Na7 Qf5 25. Nc6 Nxa3 26. Rbc1 Nb5 27. Nxe7+ Rxe7 28. Qxe7 Bf8 29. Rd8 Nd7 30. Qxd7 Qxd7 31. Rxd7 a4 32. Rcd1 Nxc3 33. bxc3 Rxc3 34. Ra7 a3 35. Rd8 Kg7 36. Bd5 Bc5 37. Rxf7+ Kh6 38. h4 Rc2 39. Ra8 g5 40. Rf6+ Kg7 41. hxg5 Rd2 42. Rg8# 1-0


[Site "https://www.chess.com"]

[Event "Titled Tuesday Blitz May 24 Late 2022"]
[White "Hasangatin, Ramil"]
[Black "Pranav, V"]
[WhiteFideId "4122160"]
[BlackFideId "25060783"]
[WhiteElo "2399"]
[BlackElo "2349"]
[Result "0-1"]
[Round "07"]
[TimeControl "180+1"]
[Date "2022.05.24"]
[WhiteClock "0:00:01"]
[BlackClock "0:00:17"]

1. e4 e5 2. Nf3 Nf6 3. d3 Nc6 4. c3 d5 5. Nbd2 Bc5 6. b4 Bb6 7. Be2 O-O 8. O-O Re8 9. Bb2 d4 10. Nc4 dxc3 11. Bxc3 Bd4 12. Bxd4 Nxd4 13. Ncxe5 a5 14. bxa5 Rxa5 15. Nxd4 Qxd4 16. Nc4 Ra8 17. a4 Be6 18. Nd2 Ra7 19. Nf3 Qd8 20. Re1 c5 21. Qb1 b6 22. Bd1 Bg4 23. Nd2 Rd7 24. Bc2 Be6 25. Qb2 Rd4 26. Reb1 c4 27. Nxc4 Bxc4 28. dxc4 Rxc4 29. e5 Ng4 30. Bb3 Rf4 31. Rf1 Nxe5 32. Qc3 h5 33. Rae1 Ng6 34. Rxe8+ Qxe8 35. g3 Rf6 36. Re1 Qd7 37. Qe3 Qf5 38. Bc4 Nh4 39. gxh4 Qg4+ 40. Qg3 Qxc4 41. Kh1 Rg6 0-1


[Site "https://www.chess.com"]

[Event "Titled Tuesday Blitz May 24 Late 2022"]
[White "Holt, Conrad"]
[Black "Skliarov, Viktor"]
[WhiteFideId "2034387"]
[BlackFideId "14106736"]
[WhiteElo "2586"]
[BlackElo "2229"]
[Result "1-0"]
[Round "07"]
[TimeControl "180+1"]
[Date "2022.05.24"]
[WhiteClock "0:01:06"]
[BlackClock "0:00:01"]

1. d4 Nf6 2. c4 e6 3. Nc3 Bb4 4. Qc2 c5 5. dxc5 Na6 6. a3 Bxc3+ 7. Qxc3 Nxc5 8. b4 Na4 9. Qc2 Nb6 10. c5 Nbd5 11. e4 Ne7 12. Nf3 O-O 13. Bd3 Ng6 14. O-O b6 15. e5 Nd5 16. h4 Re8 17. h5 Nf8 18. h6 bxc5 19. hxg7 Ng6 20. Qxc5 Qb6 21. Bh6 Qxc5 22. bxc5 Bb7 23. Rab1 Bc6 24. Ng5 f5 25. exf6 Nxf6 26. f3 Rab8 27. Rfe1 Nf4 28. Nxh7 Nh3+ 29. Kh2 Nxh7 30. Kxh3 Nf6 31. Kh4 Kf7 32. Kg5 Ke7 33. Kg6 e5 34. Rxe5+ 1-0


[Site "https://www.chess.com"]

[Event "Titled Tuesday Blitz May 24 Late 2022"]
[White "Ibarra Jerez, Jose Carlos"]
[Black "Maghsoodloo, Parham"]
[WhiteFideId "2226332"]
[BlackFideId "12539929"]
[WhiteElo "2626"]
[BlackElo "2630"]
[Result "1/2-1/2"]
[Round "07"]
[TimeControl "180+1"]
[Date "2022.05.24"]
[WhiteClock "0:00:12"]
[BlackClock "0:00:04"]

1. e4 c5 2. Nc3 d6 3. d4 cxd4 4. Qxd4 Nc6 5. Qd2 g6 6. b3 Bh6 7. f4 f5 8. Bb2 Nf6 9. Bd3 fxe4 10. Nxe4 Nxe4 11. Bxe4 Rf8 12. Ne2 Bg4 13. g3 a5 14. h3 Bf5 15. Bxf5 Rxf5 16. g4 Rc5 17. c4 b5 18. Nd4 Re5+ 19. Kf1 Nxd4 20. Bxd4 Re4 21. g5 e5 22. Re1 Rxe1+ 23. Qxe1 Bg7 24. Rh2 bxc4 25. fxe5 d5 26. bxc4 dxc4 27. Qe4 Ra6 28. Qb7 Qxd4 29. Qc8+ Ke7 30. Qb7+ Qd7 31. Qxa6 Qd1+ 32. Kg2 Qc2+ 33. Kg1 Qb1+ 34. Kg2 Qxa2+ 35. Kf3 Qxh2 36. Qd6+ Ke8 37. Qe6+ Kf8 38. Qd6+ Ke8 39. Qe6+ Kf8 40. Qd6+ Kg8 41. Qe6+ Kf8 1/2-1/2


[Site "https://www.chess.com"]

[Event "Titled Tuesday Blitz May 24 Late 2022"]
[White "Jacobson, Brandon"]
[Black "Steinberg, Nitzan"]
[WhiteFideId "30901561"]
[BlackFideId "2801795"]
[WhiteElo "2362"]
[BlackElo "2471"]
[Result "0-1"]
[Round "07"]
[TimeControl "180+1"]
[Date "2022.05.24"]
[WhiteClock "0:00:03"]
[BlackClock "0:00:06"]

1. Nf3 d5 2. e3 Nf6 3. c4 c6 4. Nc3 e6 5. b3 Nbd7 6. Bb2 Bd6 7. Qc2 O-O 8. Rg1 e5 9. cxd5 cxd5 10. Nb5 Bb8 11. Rc1 d4 12. Ba3 Re8 13. Nc7 d3 14. Qc3 Bxc7 15. Qxc7 Qxc7 16. Rxc7 e4 17. Nd4 Nd5 18. Rc1 a6 19. f3 Ne5 20. fxe4 Nf6 21. Nf3 Nc6 22. Bxd3 Nxe4 23. Ke2 Bg4 24. h3 Bf5 25. g4 Bd7 26. Rc4 Nf6 27. Rgc1 Rad8 28. Bf5 Bxf5 29. gxf5 Ne4 30. Rg1 h5 31. d3 Nd6 32. Bxd6 Rxd6 33. Rh4 Rh6 34. Rg5 Ne7 35. Re4 Kf8 36. Nd4 a5 37. Kd2 b6 38. Rh4 g6 39. fxg6 fxg6 40. Re4 Rh7 41. Rge5 Rc8 42. Ne6+ Ke8 43. Ng5 Rg7 44. d4 a4 45. d5 Kd7 46. Ne6 Rf7 47. Nf4 Nf5 48. Re6 axb3 49. axb3 Nd6 50. Rb4 b5 51. Nxg6 Rf2+ 52. Kd3 Rcc2 53. Ne5+ Kc7 54. Re7+ Kb6 55. Nc4+ Kc5 56. Nxd6 Kxb4 57. Ne4 Rh2 58. d6 Rc1 59. Nf6 Rd1+ 60. Ke4 Rxd6 61. Nxh5 Kxb3 62. Nf4 b4 63. Rb7 Ka3 64. Ra7+ Kb2 65. Nd3+ Kc3 66. Rc7+ Kb3 67. Rb7 Rxh3 68. Rxb4+ Kc3 69. Rd4 Rxd4+ 70. exd4 Rxd3 71. d5 Kc4 0-1


[Site "https://www.chess.com"]

[Event "Titled Tuesday Blitz May 24 Late 2022"]
[White "Janaszak, Dawid"]
[Black "Shirov, Alexei"]
[WhiteFideId "1119206"]
[BlackFideId "2209390"]
[WhiteElo "2199"]
[BlackElo "2678"]
[Result "0-1"]
[Round "07"]
[TimeControl "180+1"]
[Date "2022.05.24"]
[WhiteClock "0:00:03"]
[BlackClock "0:00:05"]

1. e4 e5 2. Nf3 Nc6 3. d4 exd4 4. Nxd4 Bc5 5. Nb3 Bb4+ 6. c3 Be7 7. Bf4 Nf6 8. e5 Ne4 9. Qd5 Ng5 10. N1d2 O-O 11. O-O-O a5 12. Bd3 a4 13. Nd4 Nxd4 14. Qxd4 a3 15. b3 c5 16. Qe3 Ne6 17. Qe4 g6 18. Bh6 Re8 19. h4 d5 20. Qf3 Qa5 21. Bc2 c4 22. h5 cxb3 23. Nxb3 Qc7 24. hxg6 fxg6 25. Bd2 Ng5 26. Qg3 Ne4 27. Bxe4 dxe4 28. Rxh7 Bf5 29. Rdh1 Rac8 30. Qh2 Qc4 31. Qh6 Bf8 32. Rh8+ Kf7 33. Rh7+ Ke6 34. Qg5 Kxe5 35. f4+ Ke6 36. R7h6 e3 37. Rxg6+ Bxg6 38. Qxg6+ Kd7 39. Rh7+ Be7 40. Qf5+ Kd8 41. Bxe3 Qxc3+ 42. Kd1 Qxe3 43. Qd5+ Kc7 44. Qe5+ Qxe5 0-1


[Site "https://www.chess.com"]

[Event "Titled Tuesday Blitz May 24 Late 2022"]
[White "Jia, Haoxiang"]
[Black "Shimanov, Aleksandr"]
[WhiteFideId "8602999"]
[BlackFideId "4198603"]
[WhiteElo "2643"]
[BlackElo "2605"]
[Result "0-1"]
[Round "07"]
[TimeControl "180+1"]
[Date "2022.05.24"]
[WhiteClock "0:01:56"]
[BlackClock "0:02:18"]

1. d4 Nf6 2. Nc3 d5 3. Bf4 a6 4. e3 Bf5 5. h3 e6 6. Nf3 c5 7. Bd3 Bg6 8. Bxg6 hxg6 9. O-O Nc6 10. a3 Bd6 11. dxc5 Bxc5 12. b4 Be7 13. Ne5 Rc8 14. Nxc6 Rxc6 15. Be5 O-O 16. Ne2 Nd7 17. Bb2 Qc7 18. Rc1 Rc8 19. Nd4 Rc4 20. Qf3 Bf6 21. Rfd1 e5 22. Nb3 e4 0-1


[Site "https://www.chess.com"]

[Event "Titled Tuesday Blitz May 24 Late 2022"]
[White "Jorquera, Marcelo"]
[Black "Gomez Dieguez, David"]
[WhiteFideId "3401197"]
[BlackFideId "22223630"]
[WhiteElo "2136"]
[BlackElo "2115"]
[Result "1-0"]
[Round "07"]
[TimeControl "180+1"]
[Date "2022.05.25"]
[WhiteClock "0:00:35"]
[BlackClock "0:01:13"]

1. e4 c6 2. Nc3 d5 3. Nf3 dxe4 4. Nxe4 Nf6 5. Qe2 Nxe4 6. Qxe4 Nd7 7. Bc4 Nf6 8. Ne5 e6 9. Qe2 Bd6 10. O-O O-O 11. d4 b5 12. Bd3 Qc7 13. Bg5 Be7 14. Rfe1 a6 15. c3 Bb7 16. a4 h6 17. Bh4 Qd6 18. Bxf6 Bxf6 19. Qe4 g6 20. Nxg6 fxg6 21. Qxg6+ Bg7 22. Qh7+ Kf7 23. Bg6+ Kf6 24. Bh5 Rf7 25. Qg6+ Ke7 26. Qxf7+ Kd8 27. Qxg7 c5 28. Qxb7 Rb8 1-0


[Site "https://www.chess.com"]